 Dungeon Crawl Stone Soup version 0.21-a0-508-gf08a75f (webtiles) character file.

46337 KristoblXynda the Carver (level 14, -2/111 HPs)
             Began as a Red Draconian Fighter on Nov 28, 2017.
             Was a High Priest of Yredelemnul.
             Killed by drain life
             ... invoked by a soul eater
             ... summoned by Frances
              (9 damage)
             ... on level 11 of the Dungeon.
             The game lasted 01:04:33 (22283 turns).

KristoblXynda the Carver (Red Draconian Fighter)   Turns: 22283, Time: 01:04:34

Health: -2/111     AC: 17    Str: 22    XL:     14   Next: 4%
Magic:  34/34      EV: 13    Int: 14    God:    Yredelemnul [*****.]
Gold:   1022       SH: 13    Dex: 10    Spells: 22/26 levels left

rFire    + + .     SeeInvis +   M - +4 scimitar (freeze)
rCold    . . .     Gourm    .   b - +0 shield
rNeg     . . .     Faith    .   (armour unavailable)
rPois    +         Spirit   .   t - +3 hat of Pondering {ponderous, MR+ MP+10 Int+5}
rElec    .         Reflect  .   H - +1 cloak
rCorr    .         Harm     .   y - +1 pair of gloves of Lonigg {+Fly rF+}
MR       ++...                  C - +1 pair of boots
Stlth    +.........             (no amulet)
HPRegen  0.28/turn              j - ring of poison resistance
MPRegen  0.24/turn              v - ring of see invisible

@: very slightly contaminated, slow
A: breathe fire, unfitting armour, dopey 1, fire resistance 1, wild magic 1,
evolution 1, cold-blooded, AC +8
a: Breathe Fire, Recall Undead Slaves, Injury Mirror, Animate Dead, Drain Life,
Enslave Soul, Renounce Religion, Evoke Flight


You were on level 11 of the Dungeon.
You worshipped Yredelemnul.
Yredelemnul was extremely pleased with you.
You were hungry.

You visited 3 branches of the dungeon, and saw 19 of its levels.
You also visited: Labyrinth.

You collected 1433 gold pieces.
You spent 411 gold pieces at shops.

Inventory:

Hand Weapons
 M - a +4 scimitar of freezing (weapon)
Missiles
 r - 4 throwing nets (quivered)
Armour
 b - a +0 shield (worn)
 t - the +3 hat of Pondering (worn) {ponderous, MR+ MP+10 Int+5}
   (You took it off Gastronok on level 3 of the Lair of Beasts)

   It affects your intelligence (+5).
   It affects your resistance to hostile enchantments.
   It affects your magic capacity (+10).
 y - the +1 pair of gloves of Lonigg (worn) {+Fly rF+}
   (You bought it in a shop on level 11 of the Dungeon)

   It protects you from fire.
   It lets you fly.
 C - a +1 pair of boots (worn)
 H - a +1 cloak (worn)
Jewellery
 j - a ring of poison resistance (left hand)
 v - a ring of see invisible (right hand)
Wands
 o - a wand of paralysis (32)
 w - a wand of iceblast (14)
 E - a wand of scattershot (4)
 J - a wand of clouds (10)
Scrolls
 a - a scroll of fear
 e - 5 scrolls of immolation
 g - 4 scrolls of teleportation
 h - 12 scrolls of remove curse
 k - 2 scrolls of enchant armour
 l - 3 scrolls of amnesia
 p - a scroll of fog
 O - 5 scrolls of identify
Potions
 c - 3 potions of might
 f - 4 potions of berserk rage
 i - 9 potions of curing
 n - 8 potions of haste
 s - 6 potions of cancellation
 u - 4 potions of lignification
 x - a potion of resistance
 A - 2 potions of brilliance
 F - 3 potions of flight
 I - a potion of agility
 S - a potion of mutation
Books
 m - a book of Geomancy

   Spells                             Type                      Level
   a - Sandblast                      Earth                        1
   b - Passwall                       Transmutation/Earth          2
   c - Stone Arrow                    Conjuration/Earth            3
   d - Petrify                        Transmutation/Earth          4
   e - Lee's Rapid Deconstruction     Earth                        5
 q - a book of Fire

   Spells                             Type                      Level
   a - Ignite Poison                  Fire/Transmutation/Poison    3
   b - Fireball                       Conjuration/Fire             5
   c - Bolt of Fire                   Conjuration/Fire             6
   d - Ring of Flames                 Charms/Fire                  7
   e - Ignition                       Fire                         8
Miscellaneous
 R - a box of beasts
Comestibles
 d - 17 bread rations
 z - 3 meat rations
 D - 2 fruits
 N - 11 royal jellies


   Skills:
 - Level 6.5 Fighting
 + Level 14.4 Long Blades
 - Level 5.0 Dodging
 + Level 14.1 Shields
 + Level 6.9 Spellcasting
 + Level 2.6 Translocations
 - Level 7.2 Invocations
 - Level 6.1 Evocations


You had 22 spell levels left.
You knew the following spells:

 Your Spells              Type           Power        Failure   Level  Hunger
a - Passage of Golubria   Tloc           N/A          56%         4    ####...


Dungeon Overview and Level Annotations

Branches:
Dungeon (12/15)            Temple (1/1) D:5            Lair (6/6) D:9
  Swamp (0/4) Lair:4        Snake (0/4) Lair:4        Slime (0/5) Lair:6
    Orc: D:9-12

Altars:
Ashenzari
Cheibriados
Dithmenos
Elyvilon
Fedhas
Gozag
Hepliaklqana
Kikubaaqudgha
Makhleb
Nemelex Xobeh
Okawaru
Qazlal
Ru
Sif Muna
Trog
Uskayaw
Vehumet
Wu Jian
Xom
Yredelemnul
Zin
The Shining One

Shops:
D:5 %}*!   D:11 [

Annotations:
D:11 Frances


Innate Abilities, Weirdness & Mutations

You can breathe blasts of fire.
Your fiery red scales are hard. (AC +8)
You cannot fit into any form of body armour.
Your flesh is heat resistant. (rF+)
You are cold-blooded and may be slowed by cold attacks.
You are dopey. (Int -2)
Your spells are a little harder to cast, but a little more powerful.
You evolve.


Message History

Your troll zombie barely misses Frances.
Frances hits your troll zombie with a battleaxe of chopping!!
Frances says, "I have seen worlds and universes beyond all imagining."
Frances hits your troll zombie with a battleaxe of chopping!!
Your troll zombie is destroyed!
Frances screams a word of power!
Unknown command.
Frances whispers indecipherable words.
The iron shot hits you!
The soul eater draws from the surrounding life force!
* * * LOW HITPOINT WARNING * * *
There is a stone staircase leading down here.
Unknown command.
Frances whispers indecipherable words.
You block the shard of ice.
Frances chants phrases taken from a devil's mouth.
You block the iron shot.
The soul eater draws from the surrounding life force!
You die...
Your body rises from the dead as a mindless zombie.

....Z#...Z............##...#.....
....Z#................##...#.....
....Z#................##...######
.....#....##.....3....##....ZZZZZ
.....#....##.(.##.....#####'#ZZ.#
.....#....###+###@....#...ZZ#...#
.....#....#...........#..Z..#...#
.Z...#....#...........#..Z..#...#
.....#....#.....@.....#.Z...#...#
...>.#....#...........#.....#...#
.....#######..#########.....#####
........#.##..#............######
........#.....#.###...Z#...#.....
........#.....#.# #...Z#...#.....
........#.....#.# #....#...#.....
........#.....'.###....#...#.....
........#######...[........##....


You could see Frances and a soul eater.

Vanquished Creatures
  Gastronok (Lair:3)
  A minotaur (Lab)
  Josephine (D:11)
  3 hydras
  A catoblepas (Lair:3)
  A merfolk avatar (Lair:6)
  3 two-headed ogres
  10 death yaks (Lair:6)
  Urug (D:11)
  Nergalle (Lair:4)
  Sonja (D:10)
  A sea snake (Lair:6)
  2 harpies (Lair:6)
  An oklob plant (Lair:2)
  A manticore (D:7)
  Maurice (D:10)
  An ugly thing (D:9)
  3 elephants
  A black mamba (Lair:3)
  The ghost of darxusza the Skirmisher, a novice MiFi (D:8)
  A torpor snail (Lair:5)
  7 spiny frogs
  5 komodo dragons
  A rime drake (Lair:6)
  A polar bear (Lair:6)
  2 meliai (Lair:5)
  2 trolls (D:11)
  Prince Ribbit (D:5)
  9 blink frogs
  A slime creature (D:9)
  6 hippogriffs
  The ghost of braks the Skirmisher, an amateur OgEn (D:4)
  12 yaks
  3 wraiths (D:11)
  2 wyverns
  A basilisk (Lair:3)
  A hungry ghost (D:12)
  6 vampire mosquitoes (Lair:4)
  6 water moccasins
  A spiny frog zombie (Lair:6)
  2 porcupines
  2 hell hounds (D:9)
  A sky beast (D:11)
  3 orc warriors
  2 necrophages
  An elephant zombie (Lair:6)
  2 black bears
  5 phantoms
  4 wolves
  8 ogres
  9 centaurs
  8 crocodiles
  14 bullfrogs
  2 big kobolds
  7 scorpions
  32 killer bees
  A howler monkey (D:5)
  An electric eel (Lair:4)
  6 crimson imps
  A bullfrog zombie (D:8)
  7 hounds
  4 orc priests
  4 bullfrog skeletons
  2 centaur zombies
  Crazy Yiuf (D:7)
  7 jellies
  6 orc wizards
  3 iguanas
  Natasha (thrice) (D:3)
  A killer bee zombie (D:7)
  8 worker ants
  A hound skeleton (D:4)
  7 gnolls
  15 adders
  6 oozes
  3 worms
  2 dart slugs
  7 leopard geckos
  33 orcs
  7 bats
  8 giant cockroaches
  7 goblins
  7 hobgoblins
  13 jackals
  16 kobolds
  4 quokkas
  2 ball pythons
  7 frilled lizards
  A jackal skeleton (D:5)
  A quokka skeleton (D:4)
  10 rats
  7 bushes (Lair:2)
426 creatures vanquished.

Vanquished Creatures (collateral kills)
  A hydra (Lair:4)
  A catoblepas (Lair:6)
  2 two-headed ogres
  A sea snake (Lair:6)
  An unseen horror (D:11)
  A lindwurm (Lair:6)
  A manticore (Lair:6)
  A cyclops (D:11)
  A torpor snail (Lair:2)
  4 elephants
  8 spiny frogs
  A meliai (Lair:5)
  3 polar bears
  A queen bee (Lair:5)
  5 blink frogs
  A hornet (Lair:6)
  5 hippogriffs
  3 yaks
  A wyvern (Lair:6)
  A vampire mosquito (Lair:4)
  3 water moccasins
  2 porcupines
  7 wolves
  3 centaurs (D:11)
  3 crocodiles
  3 bullfrogs
  A wyvern zombie (D:11)
  A scorpion (D:11)
  5 killer bees
  An electric eel (Lair:4)
  A bullfrog skeleton (D:11)
  2 orcs (D:11)
  A bush (Lair:6)
  A butterfly (Lair:5)
  26 fungi
  17 plants
120 creatures vanquished.

Vanquished Creatures (others)
  3 death yak zombies (Lair:6)
  6 flying skulls
  A wraith (Lair:6)
  2 vampires
  3 spiny frog zombies (Lair:6)
  2 blink frog zombies (Lair:6)
  A spiny frog skeleton (Lair:6)
  A vampire mosquito zombie (Lair:4)
  A hippogriff zombie (Lair:6)
  2 komodo dragon zombies (Lair:6)
  A water moccasin zombie (Lair:6)
  A polar bear zombie (Lair:6)
  3 yak zombies (Lair:6)
  A troll zombie (D:11)
  A wight (Lair:5)
  A centaur zombie (D:11)
  A black bear zombie (D:11)
  A bullfrog zombie (D:11)
  An orc wizard (D:5)
  5 killer bee zombies (D:11)
  3 crocodile zombies (Lair:6)
  2 mummies (Lair:6)
  16 bushes (Lair:6)
  A butterfly (Lair:6)
  7 fungi
  41 plants (Lair:6)
108 creatures vanquished.

Grand Total: 654 creatures vanquished

Notes
Turn   | Place    | Note
-------+----------+-------------------------------------------
     0 | D:1      | KristoblXynda the Draconian Fighter began the quest for the Orb.
     0 | D:1      | Reached XP level 1. HP: 19/19 MP: 1/1
   146 | D:1      | Reached XP level 2. HP: 24/26 MP: 2/2
   700 | D:2      | Reached XP level 3. HP: 5/31 MP: 3/3
  1108 | D:2      | Reached XP level 4. HP: 38/38 MP: 4/4
  1562 | D:3      | Noticed Natasha
  1571 | D:3      | Killed Natasha
  1571 | D:3      | Reached XP level 5. HP: 29/45 MP: 5/5
  1837 | D:3      | Reached skill level 5 in Long Blades
  2026 | D:3      | Noticed a phantom
  2146 | D:3      | Killed a phantom
  2146 | D:3      | Reached XP level 6. HP: 10/51 MP: 6/6
  2648 | D:3      | Noticed Natasha
  2661 | D:3      | Killed Natasha
  2840 | D:3      | Noticed Natasha
  2847 | D:3      | Killed Natasha
  3292 | D:4      | Noticed braks's ghost (amateur OgEn)
  3384 | D:4      | Reached skill level 5 in Shields
  3434 | D:4      | Reached skill level 1 in Evocations
  3434 | D:4      | Your scales start taking on a fiery red colour.
  3434 | D:4      | Reached XP level 7. HP: 56/57 MP: 7/7
  3434 | D:4      | Gained mutation: Your flesh is heat resistant. (rF+) [Red Draconian growth]
  3919 | D:4      | Killed braks's ghost
  4150 | D:4      | Found a radiant altar of Vehumet.
  4320 | D:5      | Entered Level 5 of the Dungeon
  4769 | D:5      | Reached XP level 8. HP: 54/63 MP: 10/10
  4827 | D:5      | Found a glowing golden altar of the Shining One.
  4827 | D:5      | Found a white marble altar of Elyvilon.
  4859 | D:5      | Found Joasul's Distillery.
  4977 | D:5      | Found Golusch's Book Boutique.
  5051 | D:5      | Found a hide-covered altar of Uskayaw.
  5093 | D:5      | Found Goosi's Assorted Antiques.
  5093 | D:5      | Found Exaocott's Gadget Boutique.
  5106 | D:5      | Noticed Prince Ribbit
  5198 | D:5      | Killed Prince Ribbit
  5213 | D:5      | Bought a viscous yellow potion for 19 gold pieces
  5331 | D:5      | Found Couch's Food Boutique.
  5362 | D:5      | Found a staircase to the Ecumenical Temple.
  5371 | Temple   | Entered the Ecumenical Temple
  5545 | Temple   | Became a worshipper of Yredelemnul the Dark
  6534 | D:7      | Reached skill level 5 in Evocations
  6723 | D:7      | Noticed a manticore
  6729 | D:7      | Killed a manticore
  6729 | D:7      | Reached XP level 9. HP: 37/70 MP: 11/13
  6965 | D:7      | Found a runed door.
  6969 | D:7      | Noticed Crazy Yiuf
  6972 | D:7      | Killed Crazy Yiuf
  7532 | D:7      | Reached skill level 1 in Invocations
  7593 | D:7      | Reached * piety under Yredelemnul
  7956 | D:6      | Found a shimmering altar of Xom.
  8236 | D:8      | Noticed darxusza's ghost (novice MiFi)
  8247 | D:8      | Killed darxusza's ghost
  8404 | D:8      | Reached XP level 10. HP: 77/77 MP: 14/14
  8427 | D:8      | Noticed a two-headed ogre
  8434 | D:8      | Killed a two-headed ogre
  8933 | D:8      | Reached ** piety under Yredelemnul
  9138 | D:9      | Learned a level 4 spell: Passage of Golubria
  9325 | D:9      | Reached skill level 10 in Long Blades
  9359 | D:9      | Found a staircase to the Lair.
  9536 | D:9      | Reached skill level 5 in Invocations
  9897 | D:9      | Noticed a green ugly thing
  9909 | D:9      | Killed a green ugly thing
  9915 | D:9      | Gained mutation: You evolve. [mutagenic meat]
  9917 | D:9      | Gained mutation: You are dopey. (Int -2) [mutagenic meat]
  9918 | D:9      | Gained mutation: Your spells are a little harder to cast, but a little more powerful. [mutagenic meat]
 10302 | D:10     | Entered Level 10 of the Dungeon
 10302 | D:10     | Noticed a two-headed ogre
 10324 | D:10     | Killed a two-headed ogre
 10324 | D:10     | Reached skill level 10 in Shields
 10706 | D:10     | Reached *** piety under Yredelemnul
 10790 | D:10     | Noticed Maurice
 10790 | D:10     | Noticed Sonja
 10790 | D:10     | Noticed a gargoyle
 10841 | Lair:1   | Entered Level 1 of the Lair of Beasts
 10854 | Lair:1   | Noticed a five-headed hydra
 11050 | D:9      | Reached XP level 11. HP: 62/82 MP: 16/16
 11070 | Lair:1   | Killed a six-headed hydra
 11260 | Lair:1   | Gained mutation: You have a pair of small antennae on your head. [evolution]
 12717 | Lair:2   | Received a gift from Yredelemnul (3 flying skulls)
 13086 | Lair:2   | Noticed an oklob plant
 13102 | Lair:2   | Killed an oklob plant
 13824 | Lair:3   | Received a gift from Yredelemnul (a mummy)
 13856 | Lair:3   | Found a labyrinth entrance.
 13870 | Lair:3   | Noticed Gastronok
 13891 | Lab      | Entered a labyrinth
 14653 | Lab      | Noticed a minotaur
 14677 | Lab      | Killed a minotaur
 14677 | Lab      | Reached skill level 5 in Dodging
 15075 | Lair:3   | Killed Gastronok
 15776 | Lair:3   | Reached XP level 12. HP: 92/92 MP: 17/17
 15940 | Lair:3   | Noticed a catoblepas
 15951 | Lair:3   | Killed a catoblepas
 16378 | Lair:4   | Reached skill level 5 in Fighting
 16381 | Lair:4   | Found a staircase to the Swamp.
 16403 | Lair:4   | Found a staircase to the Snake Pit.
 16460 | Lair:4   | Noticed an eight-headed hydra
 16466 | Lair:4   | Killed an eight-headed hydra
 16916 | Lair:4   | Noticed a four-headed hydra
 16921 | Lair:4   | Killed a six-headed hydra
 16969 | Lair:4   | Noticed Nergalle
 16979 | Lair:4   | Killed Nergalle
 17820 | Lair:5   | Received a gift from Yredelemnul (a wight)
 17827 | Lair:5   | Reached skill level 1 in Spellcasting
 17877 | Lair:5   | Noticed a four-headed hydra
 17882 | Lair:5   | Killed a five-headed hydra
 18173 | Lair:5   | Reached **** piety under Yredelemnul
 18187 | Lair:5   | Received a gift from Yredelemnul (a mummy)
 18763 | Lair:6   | Entered Level 6 of the Lair of Beasts
 18763 | Lair:6   | Noticed a death yak
 18763 | Lair:6   | Noticed a death yak
 18763 | Lair:6   | Noticed a death yak
 18763 | Lair:6   | Noticed a death yak
 18782 | Lair:6   | Found a staircase to the Slime Pits.
 18783 | Lair:6   | Noticed a death yak
 18784 | Lair:6   | Noticed a death yak
 18784 | Lair:6   | Noticed a death yak
 18786 | Lair:6   | Noticed a death yak
 18803 | Lair:6   | Killed a death yak
 18804 | Lair:6   | Killed a death yak
 18806 | Lair:6   | Noticed a death yak
 18807 | Lair:6   | Killed a death yak
 18809 | Lair:6   | Noticed a death yak
 18816 | Lair:6   | Killed a death yak
 18825 | Lair:6   | Killed a death yak
 18825 | Lair:6   | Reached XP level 13. HP: 30/103 MP: 18/18
 18832 | Lair:6   | Received a gift from Yredelemnul (a wraith)
 18849 | Lair:6   | Reached ***** piety under Yredelemnul
 19036 | Lair:6   | Reached skill level 5 in Spellcasting
 19485 | Lair:6   | HP: 4/103 [catoblepas (24)]
 19487 | Lair:6   | HP: 1/103 [catoblepas/blast of calcifying dust (4)]
 20498 | D:10     | Killed Maurice
 20498 | D:10     | Received a gift from Yredelemnul (a vampire)
 20861 | D:10     | Killed Sonja
 21038 | D:11     | Lost mutation: You have a pair of small antennae on your head. [mutagenic meat]
 21051 | D:11     | Received a gift from Yredelemnul (a vampire)
 21153 | D:11     | Reached skill level 1 in Translocations
 21211 | D:11     | HP: 2/103 [cyclops/large rock (15)]
 21626 | D:11     | Noticed Josephine
 21634 | D:11     | Killed Josephine
 21657 | D:11     | Found Qiusus's Antique Armour Shop.
 21667 | D:11     | Received a gift from Yredelemnul (4 flying skulls)
 21699 | D:11     | Bought a pair of twisted gloves for 266 gold pieces
 21699 | D:11     | Bought a pair of boots for 126 gold pieces
 21699 | D:11     | Identified the +1 pair of gloves of Lonigg {+Fly rF+} (You bought it in a shop on level 11 of the Dungeon)
 21868 | D:11     | Noticed Urug
 21882 | D:11     | Killed Urug
 22124 | D:11     | Reached XP level 14. HP: 111/111 MP: 24/24
 22256 | D:12     | Noticed Frances
 22283 | D:11     | Killed from afar by a soul eater

Vault maps used:
D:1:      minmay_arrival_widening_spiral_wide, minmay_misc_feat_plants
D:3:      minmay_randomly_rotated_circles, uniq_natasha
D:4:      vehumet_altar_wand_db
D:5:      grunt_temple_overflow_open, minmay_temple_entry_trees, serial_shops,
          nicolae_shop_crystal, shop, nicolae_shop_statue_plus,
          nicolae_shop_waterfront, shop, first_bread, basic_altar,
          uniq_prince_ribbit1
D:6:      tgw_xom
D:7:      grunt_ogre_cave, minmay_three_doors, uniq_crazy_yiuf_cottage
D:8:      grunt_ministairs_11
D:9:      minmay_lair_entry_lava
D:10:     uniq_maurice, uniq_sonja
D:11:     serial_shops, nicolae_shop_statue_plus, uniq_josephine, uniq_urug
D:12:     zombieorc1_lemuel, nemelex_xobeh_ov_fountains_minmay, uniq_frances
Temple:   regret_index_temple_chain_breaker
Lair:1:   patterned_corridor, lemuel_fruit_tree
Lair:2:   minmay_lair_oklob_bushes, grunt_megastairs_5
Lair:3:   lab_entry_generic, uniq_gastronok
Lair:4:   minmay_swamp_entry_swarm, dummy_snake_entry, beast_lair_carwin_11,
          infiniplex_staircase_pool, grunt_megastairs_2, uniq_nergalle
Lair:5:   special_room, minivault_11, infiniplex_staircase_pool_2,
          lemuel_fruit_fields
Lair:6:   gammafunk_lair_ancient_temple, nicolae_slime_entry_slimehenge,
          serial_forest, infiniplex_forest_clump_diagonal,
          infiniplex_forest_corner_1, infiniplex_forest_lined_3,
          infiniplex_forest_clump_double
Lab:      labyrinth_spiral, nicolae_lab_statue

Skill      XL: |  1  2  3  4  5  6  7  8  9 10 11 12 13 |
---------------+----------------------------------------+-----
Long Blades    | 3 4 5 6 7 8 9 10 12 13 14 | 14.4
Shields        | 4 5 6 7 8 10 11 12 14 | 14.1
Evocations     | 1 3 5 6 |  6.1
Invocations    | 3 6 7 |  7.2
Dodging        | 5 |  5.0
Fighting       | 4 6 |  6.5
Spellcasting   | 3 6 |  6.9
Translocations | 2 |  2.6

Action                   |  1- 3 |  4- 6 |  7- 9 | 10-12 | 13-15 || total
-------------------------+-------+-------+-------+-------+-------++-------
Melee: Long sword        |    71 |   249 |   351 |   385 |       ||  1056
       Tailslap          |    10 |    25 |    53 |    93 |    43 ||   224
       Scimitar          |       |       |       |   205 |   287 ||   492
Invok: Animate Dead      |       |       |       |     5 |    11 ||    16
       Recall Undead Sla |       |       |       |     1 |       ||     1
 Abil: Breathe Fire      |       |       |    11 |    16 |     3 ||    30
Evoke: Wand              |       |       |       |     9 |     4 ||    13
  Use: Scroll            |       |     9 |     9 |    20 |     3 ||    41
       Potion            |       |     2 |       |     8 |     3 ||    13
 Stab: Sleeping          |       |     1 |     1 |     1 |     1 ||     4
       Distracted        |       |       |       |     2 |     1 ||     3
       Paralysed         |       |       |       |       |     5 ||     5
       Confused          |       |       |       |       |     1 ||     1
  Eat: Chunk             |     1 |     7 |    15 |    15 |     6 ||    44
       Fruit             |       |       |     2 |    11 |     2 ||    15
       Royal jelly       |       |       |     1 |     1 |     2 ||     4
       Meat ration       |       |       |       |     3 |     1 ||     4
Armor: Skin              |    20 |    71 |    73 |   137 |    65 ||   366
Dodge: Dodged            |    39 |   105 |   125 |   222 |   114 ||   605
Block: Shield            |    42 |   127 |   205 |   318 |   173 ||   865
       Rpst.: Long sword |    15 |    39 |    34 |    33 |       ||   121
       Scimitar          |       |       |       |    23 |    29 ||    52

Table legend:
 A = Spawn XP
 B = Non-spawn XP
 C = Spawn XP percentage of total XP
 D = Spawn monster count
 E = Non-spawn monster count
 F = Spawn count percentage of total count
 G = Total turns spent on level
                    A         B        C        D         E        F      G
               +---------+---------+-------+---------+---------+-------+---------
         Total |       0 |   66197 |   0.0 |       0 |     493 |   0.0 | 22283
               +---------+---------+-------+---------+---------+-------+---------
           D:1 |       0 |      28 |   0.0 |       0 |      16 |   0.0 |   624
           D:2 |       0 |     131 |   0.0 |       0 |      25 |   0.0 |   879
           D:3 |       0 |     370 |   0.0 |       0 |      42 |   0.0 |  1741
           D:4 |       0 |     707 |   0.0 |       0 |      27 |   0.0 |  1076
           D:5 |       0 |     897 |   0.0 |       0 |      22 |   0.0 |  1452
           D:6 |       0 |     611 |   0.0 |       0 |      21 |   0.0 |   860
           D:7 |       0 |    2174 |   0.0 |       0 |      26 |   0.0 |  1316
           D:8 |       0 |    1854 |   0.0 |       0 |      21 |   0.0 |   979
           D:9 |       0 |    2919 |   0.0 |       0 |      30 |   0.0 |  1744
          D:10 |       0 |    3168 |   0.0 |       0 |      19 |   0.0 |   624
          D:11 |       0 |    7557 |   0.0 |       0 |      55 |   0.0 |  1372
          D:12 |       0 |    1652 |   0.0 |       0 |       3 |   0.0 |    22
        Lair:1 |       0 |    3745 |   0.0 |       0 |      15 |   0.0 |  1502
        Lair:2 |       0 |    2984 |   0.0 |       0 |      15 |   0.0 |  1329
        Lair:3 |       0 |    3807 |   0.0 |       0 |      13 |   0.0 |  1329
        Lair:4 |       0 |    6681 |   0.0 |       0 |      29 |   0.0 |  1417
        Lair:5 |       0 |    5361 |   0.0 |       0 |      37 |   0.0 |  1077
        Lair:6 |       0 |   20466 |   0.0 |       0 |      76 |   0.0 |  1600
           Lab |       0 |    1085 |   0.0 |       0 |       1 |   0.0 |  1153
               +---------+---------+-------+---------+---------+-------+---------
